 Dungeon Crawl Stone Soup version 0.22.0-76-g6cd1571672 (webtiles) character file.

169 Peloso the Covered (level 5, -1/47 HPs)
             Began as a Minotaur Fighter on Sept 16, 2018.
             Slain by an orc
             ... wielding a +0 club
              (5 damage)
             ... on level 3 of the Dungeon.
             The game lasted 00:03:15 (1516 turns).

Peloso the Covered (Minotaur Fighter)               Turns: 1516, Time: 00:03:16

Health: -1/47      AC:  9    Str: 21    XL:     5   Next: 25%
Magic:  4/4        EV:  5    Int:  5    God:
Gold:   83         SH:  9    Dex: 10    Spells: 4/4 levels left

rFire    . . .     SeeInvis .   a - +0 long sword
rCold    . . .     Gourm    .   c - +0 shield
rNeg     . . .     Faith    .   m - +0 chain mail
rPois    .         Spirit   .   (helmet restricted)
rElec    .         Reflect  .   (no cloak)
rCorr    .         Harm     .   (no gloves)
MR       .....                  (no boots)
Stlth    ..........             (no amulet)
HPRegen  0.15/turn              (no ring)
MPRegen  0.09/turn              (no ring)

@: no status effects
A: retaliatory headbutt, horns 2
a: no special abilities


You were on level 3 of the Dungeon.
You were not hungry.

You visited 1 branch of the dungeon, and saw 3 of its levels.

You collected 83 gold pieces.

Inventory:

Hand Weapons
 a - a +0 long sword (weapon)
Armour
 b - a +0 scale mail
 c - a +0 shield (worn)
 m - a +0 chain mail (worn)
Jewellery
 h - an uncursed amulet of rage
 o - a cursed ring of teleportation {unknown}
Scrolls
 e - a scroll of amnesia {unknown}
 g - a scroll of blinking {unknown}
 i - a scroll of magic mapping {unknown}
 j - 2 scrolls of remove curse {unknown}
Potions
 d - a potion of might
 k - a potion of magic {unknown}
 l - a potion of brilliance {unknown}
 n - a potion of agility {unknown}
Comestibles
 f - 5 rations
 p - a chunk of flesh


   Skills:
 + Level 4.4 Fighting
 + Level 4.5 Long Blades
 + Level 4.7 Armour
 + Level 0.4 Dodging
 + Level 4.4 Shields


You had 4 spell levels left.
You didn't know any spells.
Your spell library was empty.

Dungeon Overview and Level Annotations

Branches:
Dungeon (3/15)

Altars:
Ashenzari
Kikubaaqudgha


Innate Abilities, Weirdness & Mutations

You reflexively headbutt those who attack you in melee.
You have a pair of horns on your head.


Message History

Things that are here:
a short sword; a ring mail; an orc corpse You closely miss the orc.
The orc hits you with a flail.
* * * LOW HITPOINT WARNING * * *
The orc hits you but does no damage. You block the orc's attack.
You closely miss the orc. You block the orc's attack.
The orc hits you but does no damage. The orc hits you with a club.
* * * LOW HITPOINT WARNING * * *
You hit the orc.
The orc is heavily wounded.
You feel sick.
You are no longer poisoned.
The orc barely misses you. You furiously retaliate!
You headbutt the orc.
You kill the orc!
The orc barely misses you.
You riposte.
Your shield and chain mail prevent you from hitting the orc.
The orc hits you but does no damage.
Unknown command.
The orc hits you with a club.
You die...

.##(# #...>.......#
.##.# #.###...##..#
....# #.. #...##..#
.##.# #.#.#...##.##
.##.###.#.....##.#
.#........#......####.#
.+>...#.#.#...........#
.#....#.. #.#.##.####.#
........ .. #.##@###
.######. #...oo.#
.######.# ######)#
........# .# .######..
.# ......... .#
<######.. .# ....# .#
....# .#


You could see 2 orcs.

Vanquished Creatures
  An orc wizard (D:3)
  Jessica (D:2)
  Natasha (D:2)
  3 adders
  An ooze (D:3)
  2 worms (D:2)
  3 dart slugs
  A leopard gecko (D:1)
  3 orcs (D:3)
  A ball python (D:2)
  8 bats
  8 goblins
  A hobgoblin (D:2)
  3 jackals (D:1)
  2 quokkas (D:2)
  2 frilled lizards (D:2)
  2 kobolds
  6 rats
49 creatures vanquished.

Notes
Turn   | Place    | Note
-------+----------+-------------------------------------------
     0 | D:1      | Peloso the Minotaur Fighter began the quest for the Orb.
     0 | D:1      | Reached XP level 1. HP: 19/19 MP: 0/0
    48 | D:1      | Reached XP level 2. HP: 14/27 MP: 1/1
   608 | D:2      | Reached XP level 3. HP: 25/33 MP: 2/2
   644 | D:2      | Noticed Natasha
   655 | D:2      | Killed Natasha
   788 | D:2      | Found a shattered altar of Ashenzari.
   792 | D:2      | Saw a vision of the Shoals and the Snake Pit.
   792 | D:2      | Noticed a naga
   792 | D:2      | Noticed a hippogriff
   792 | D:2      | Noticed a hippogriff
   792 | D:2      | Noticed a merfolk
   792 | D:2      | Noticed a naga
   792 | D:2      | Noticed a shock serpent
   792 | D:2      | Noticed a merfolk siren
   792 | D:2      | Noticed a black mamba
   792 | D:2      | Noticed a guardian serpent
   792 | D:2      | Noticed a merfolk
   792 | D:2      | Noticed a salamander
   792 | D:2      | Noticed a black mamba
   792 | D:2      | Noticed a sea snake
   793 | D:2      | Noticed a naga ritualist
   793 | D:2      | Noticed a naga mage
   793 | D:2      | Noticed a merfolk siren
   887 | D:2      | Found an ancient bone altar of Kikubaaqudgha.
   898 | D:2      | Reached XP level 4. HP: 40/40 MP: 3/3
  1258 | D:2      | Noticed Jessica
  1264 | D:2      | Killed Jessica
  1382 | D:3      | Found a faded altar of an unknown god.
  1407 | D:3      | Reached XP level 5. HP: 35/47 MP: 4/4
  1516 | D:3      | Slain by an orc

Skill      XL: |  1  2  3  4 |
---------------+-------------+-----
Armour         | 4 |  4.7
Fighting       | 4 |  4.4
Shields        | 4 |  4.4
Long Blades    | 3 4 |  4.5
Dodging        | |  0.4

Action                   |  1- 3 |  4- 6 || total
-------------------------+-------+-------++-------
Melee: Long sword        |    62 |    62 ||   124
       Headbutt          |    10 |    14 ||    24
  Eat: Chunk             |       |     2 ||     2
Armor: Scale mail        |    13 |       ||    13
       Chain mail        |    12 |    39 ||    51
Dodge: Dodged            |    21 |     9 ||    30
Block: Shield            |    32 |    39 ||    71
       Rpst.: Long sword |     7 |     1 ||     8
